 Seeded DCSS version 0.28-a0-1087-gf3fc490d9d (webtiles) character file.

Game seed: 20211210 (custom seed)

4 ytrimaz the Insei (level 1, 6/13 HPs)
             Began as an Octopode Transmuter on Dec 10, 2021.
             Quit the game on level 1 of the Dungeon.
             The game lasted 00:00:08 (124 turns).

ytrimaz the Insei (Octopode Transmuter)              Turns: 124, Time: 00:00:09

Health: 6/13       AC:  1    Str:  9    XL:     1   Next: 70%
Magic:  3/3        EV: 13    Int: 15    God:
Gold:   0          SH:  0    Dex: 12    Spells: 3/4 levels left

rFire   . . .      SeeInvis .     - Unarmed
rCold   . . .      Faith    .   (no shield)
rNeg    . . .      Spirit   .   (helmet restricted)
rPois   .          Reflect  .   (no amulet)
rElec   .          Harm     .   (no ring)
rCorr   .          Rampage  .   (no ring)
Will    .....                   (no ring)
Stlth   ++........              (no ring)
HPRegen 0.04/turn               (no ring)
MPRegen 0.08/turn               (no ring)
                                (no ring)
                                (no ring)

@: no status effects
A: almost no armour, amphibious, 8 rings, camouflage 1, gelatinous body 1,
(nimble swimmer 1), tentacles
a: no special abilities


You were on level 1 of the Dungeon.
You visited 1 branch of the dungeon, and saw 1 of its levels.

You aren't carrying anything.


   Skills:
 + Level 1.0 Fighting
 + Level 2.2 Dodging
 + Level 3.2 Unarmed Combat
 + Level 2.0 Spellcasting
 + Level 2.0 Transmutations


You had 3 spell levels left.
You knew the following spells:

 Your Spells              Type           Power      Damage    Failure   Level
a - Beastly Appendage     Tmut           14%        N/A       10%         1

Your spell library contained the following spells:

 Spells                   Type           Power      Damage    Failure   Level
 Wereblood                Tmut           7%         N/A       14%         2
 Spider Form              Tmut/Pois      4%         N/A       41%         3
 Ice Form                 Ice/Tmut       4%         N/A       82%         4


Dungeon Overview and Level Annotations

Branches:
Dungeon (1/15)

Altars:


Innate Abilities, Weirdness & Mutations

You cannot wear most types of armour.
You are amphibious.
You can wear up to eight rings at the same time.
Your skin changes colour to match your surroundings (Stealth+).
Your rubbery body absorbs attacks. (AC +1, EV +1)
((You are camouflaged near water. (Stealth+)))
You have tentacles for arms and can constrict up to eight enemies at once.


Message History

The rat is severely wounded.
You constrict the rat.
You kill the rat!
The quokka bites you. The quokka barely misses you.
You barely miss the quokka. Your grab misses the quokka. The quokka misses you.
You barely miss the quokka. You grab the quokka.
You constrict the quokka, but do no damage.
The quokka closely misses you.
There are monsters nearby!
You barely miss the quokka.
You constrict the quokka, but do no damage.
The quokka barely misses you.
There are monsters nearby!
You barely miss the quokka. You constrict the quokka. The quokka bites you.
There are monsters nearby!
You tentacle-slap the quokka. You squeeze the quokka.
The quokka is almost dead.
You constrict the quokka.
You kill the quokka!
The bat hits you but does no damage.
A bat is nearby!
The bat barely misses you.
You closely miss the bat. You grab the bat. You constrict the bat.
The bat hits you but does no damage.
The bat escapes!
The bat closely misses you. The bat misses you. The bat hits you.
The bat closely misses you. The bat closely misses you. The bat hits you.
You are too injured to fight recklessly!
You are too injured to fight recklessly!
You are too injured to fight recklessly!
You are too injured to fight recklessly!
You are too injured to fight recklessly!
You are too injured to fight recklessly!
You are too injured to fight recklessly!
You are too injured to fight recklessly!
You are too injured to fight recklessly!
You are too injured to fight recklessly!
Are you sure you want to abandon this character and quit the game? (Confirm with "yes".)

.....# ....# ## #...
.# #########†####.#
.............#(####
.......(...........
#########'#......#####
..## ##.#...........
..# #.##...@..#### #.#
#)##.##.....#
##.#####.#..b.....#
###...)###.#.#......#
#...#...'.##.###..###
##.###.#####. ... ##.#
#.# .### #..# #.# ..
#.## #..


You could see a bat.

Vanquished Creatures
  2 kobolds (D:1)
  A quokka (D:1)
  2 rats (D:1)
5 creatures vanquished.

Notes
Turn   | Place    | Note
-------+----------+-------------------------------------------
     0 | D:1      | ytrimaz the Octopode Transmuter began the quest for the
                  | Orb.
     0 | D:1      | Reached XP level 1. HP: 13/13 MP: 3/3
   124 | D:1      | Quit the game

Illustrated notes

Levels and vault maps discovered:
D:1:      dpeg_arrival_round_a, layout_basic

Action                   || total
-------------------------++-------
Melee: Unarmed           ||    14
       Constrict         ||     5
       Tentacles         ||     2
Armor: Skin              ||     3
Dodge: Dodged            ||    15

Table legend: (Time is in decaauts)
 A = Elapsed time spent in this place.
 B = Non-inter-level travel time spent in this place.
 C = Inter-level travel time spent in this place.
 D = Time resting spent in this place.
 E = Time spent auto-exploring this place.
 F = Levels seen in this place.
 G = Mean time per level.
                   A        B        C        D        E       F      G
               +--------+--------+--------+--------+--------+-----+--------+
         Total |    123 |    123 |      0 |      0 |     92 |   1 |  123.0 |
       Dungeon |    123 |    123 |      0 |      0 |     92 |   1 |  123.0 |
               +--------+--------+--------+--------+--------+-----+--------+

Top non-repeatable levels by time:
     D:1: 123 daAuts
